 Dungeon Crawl Stone Soup version 0.23.2 (webtiles) character file.

Game seed: 3691262535532373455

7 Goblin1989 the Vexing (level 1, -1/13 HPs)
             Began as a Demonspawn Enchanter on Apr 12, 2019.
             Slain by a kobold
             ... wielding a +0 club
              (4 damage)
             ... on level 1 of the Dungeon.
             The game lasted 00:00:39 (362 turns).

Goblin1989 the Vexing (Demonspawn Enchanter)         Turns: 362, Time: 00:00:39

Health: -1/13      AC:  2    Str:  8    XL:     1   Next: 83%
Magic:  3/3        EV: 11    Int: 16    God:
Gold:   34         SH:  3    Dex: 13    Spells: 3/4 levels left

rFire    . . .     SeeInvis .   a - +1 dagger
rCold    . . .     Gourm    .   g - +0 buckler
rNeg     . . .     Faith    .   b - +0 robe
rPois    .         Spirit   .   (no helmet)
rElec    .         Reflect  .   (no cloak)
rCorr    .         Harm     .   (no gloves)
MR       .....                  (no boots)
Stlth    ++........             (no amulet)
HPRegen  0.04/turn              (no ring)
MPRegen  0.08/turn              (no ring)

@: no status effects
A: no striking features
a: no special abilities


You were on level 1 of the Dungeon.
You were not hungry.

You visited 1 branch of the dungeon, and saw 1 of its levels.

You collected 34 gold pieces.

Inventory:

Hand Weapons
 a - a +1 dagger (weapon)
Armour
 b - a +0 robe (worn)
 g - a +0 buckler (worn)
Potions
 f - a potion of resistance {unknown}
 h - a potion of brilliance {unknown}
Comestibles
 e - 2 rations


   Skills:
 * Level 1.5 Short Blades
 - Level 1.7 Dodging
 + Level 2.8 Stealth
 - Level 2.0 Spellcasting
 - Level 3.0 Hexes


You had 3 spell levels left.
You knew the following spells:

 Your Spells              Type           Power        Failure   Level  Hunger
a - Corona                Hex            ##.....      10%         1    #......

Your spell library contained the following spells:

 Spells                   Type           Power        Failure   Level  Hunger
 Ensorcelled Hibernation  Hex/Ice        #.....       28%         2    ###....
 Confuse                  Hex            ##......     30%         3    ###....
 Tukima's Dance           Hex            ##......     30%         3    ###....
 Dazzling Spray           Conj/Hex       #.....       50%         3    ###....


Dungeon Overview and Level Annotations

Branches:
Dungeon (1/15)

Altars:


Message History

No target in view!
No target in view!
No target in view!
No target in view!
No target in view!
No target in view!
No target in view!
No target in view!
No target in view!
No target in view!
No target in view!
No target in view!
No target in view!
No target in view!
No target in view!
No target in view!
No target in view!
No target in view!
No target in view!
No target in view!
You see here a buckler.
g - a buckler Wear which item? (? for menu, Esc to quit)
You start putting on your armour.
You continue putting on your buckler. x4
You finish putting on your +0 buckler.
h - an amethyst potion Health restored: 13 The bat is too close now for your liking.
A bat is nearby!
A goblin comes into view. It is wielding a +0 club.
The goblin shouts!
A goblin comes into view. It is wielding a +0 club.
A kobold comes into view. It is wielding a +0 club.
The kobold shouts!
The goblin shouts!
Found a stone staircase leading down.
The bat hits you.
The goblin hits you with a cursed +0 club.
You take 4 damage, and have 9/13 hp.
MASSIVE DAMAGE!!
You hit the goblin.
The goblin is severely wounded.
You block the bat's attack. The kobold hits you but does no damage.
The goblin hits you with a cursed +0 club.
You take 1 damage, and have 8/13 hp.
You hit the goblin.
You kill the goblin!
The bat barely misses you. The bat hits you but does no damage.
The kobold barely misses you. The goblin hits you with a +0 club.
* * * LOW HITPOINT WARNING * * *
You are too injured to fight recklessly!
You take 3 damage, and have 5/13 hp.
MASSIVE DAMAGE!!
You are too injured to fight recklessly!
You are too injured to fight recklessly!
You are too injured to fight recklessly!
You are too injured to fight recklessly!
You are too injured to fight recklessly!
You are too injured to fight recklessly!
You are too injured to fight recklessly!
You are too injured to fight recklessly!
You are too injured to fight recklessly!
Unknown command.
You block the bat's attack. The bat closely misses you.
The bat hits you but does no damage. The bat hits you but does no damage.
You block the bat's attack. The bat hits you but does no damage.
You block the bat's attack.
Your shield prevents you from hitting the bat.
The bat barely misses you. x2
You barely miss the bat. The bat hits you but does no damage. The bat hits you.
* * * LOW HITPOINT WARNING * * *
You take 1 damage, and have 4/13 hp.
You closely miss the bat. You block the bat's attack.
You closely miss the bat. The bat closely misses you. x2
You closely miss the bat. The bat closely misses you.
You closely miss the bat. The bat misses you.
You barely miss the bat. The bat closely misses you. x2
You miss the bat. The bat misses you. The bat hits you.
* * * LOW HITPOINT WARNING * * *
You take 1 damage, and have 4/13 hp.
You hit the bat but do no damage. The bat hits you.
* * * LOW HITPOINT WARNING * * *
The bat misses you.
You take 1 damage, and have 3/13 hp.
You hit the bat.
You kill the bat!
The kobold hits you but does no damage.
You see here a bat corpse.
You hit the kobold.
The kobold is severely wounded.
The kobold barely misses you.
You hit the kobold but do no damage.
The kobold is severely wounded.
You block the kobold's attack.
You closely miss the kobold.
The kobold is severely wounded.
The kobold closely misses you.
You closely miss the kobold.
The kobold is severely wounded.
The kobold hits you with a +0 club.
You die...

........██. █.. ██....███
..█....... .... █.████
█>......█ .█..██ █.█ █
█....)..█ .....█ ███.██....
█.......██ █.█.███......███
██.......█ █.....█.██████..
█........██ █.█.....█.)██.█.
...........███..█.█..█....███
█.........gK@........█<.███ █
█.█.....██.█████.█...█....█ █
██...███.█ █.█.[.█..██...
██.█ █.█ █.....████ ██ █. █..
█.......... █ ███ █..███.....
█...█


█████ █..██ ..██ You could see a goblin and a kobold.

Vanquished Creatures
  A goblin (D:1)
  2 hobgoblins (D:1)
  2 bats (D:1)
  A frilled lizard (D:1)
  A rat (D:1)
7 creatures vanquished.

Notes
Turn   | Place    | Note
-------+----------+-------------------------------------------
     0 | D:1      | Goblin1989 the Demonspawn Enchanter began the quest for the
                  | Orb.
     0 | D:1      | Reached XP level 1. HP: 13/13 MP: 3/3
    90 | D:1      | Reached skill level 1 in Short Blades
   362 | D:1      | Slain by a kobold

Skill      XL: |  1 |
---------------+----+-----
Short Blades   | 1 |  1.5
Dodging        | |  1.7
Stealth        | |  2.8
Spellcasting   | |  2.0
Hexes          | |  3.0

Action                   || total
-------------------------++-------
Melee: Dagger            ||    46
Armor: Robe              ||    13
Dodge: Dodged            ||    42
Block: Buckler           ||     6

Levels and vault maps discovered:
D:1:      dpeg_arrival_signposts, layout_rooms, minivault_25
